Map: Prion Terraces

Players

dTefel (Tefel)

  • Race: Zerg Zerg
  • League: Grandmaster

MiNiMaTh - Winner!

  • Race: Zerg Zerg
  • League: Grandmaster

Event: DreamHack ZOWIE Open Leipzig

VOD

Have the link to the VOD?

Description

Time

  • Played on: Jan. 22, 2016, 7:22 a.m.
  • Length: 5:21

All games in this series

Show
View Real Time Build Order
Export as new Build Order

dTefel Zerg 

Build Orders: Pool First 

Get SALT Encoding   

  12  0:00  Drone  
  13  0:07  Drone  
  14  0:17  Overlord  
  14  0:22  Extractor  
  14  0:23  Drone  
  15  0:35  Drone x2  
  17  0:44  Spawning Pool  
  17  0:46  Drone  
  17  1:01  Extractor  
  16  1:09  Hatchery  
  15  1:12  Drone  
  15  1:16  Drone  
  17  1:31  Zergling x2, Queen  
  20  1:34  Zergling x2  
  21  1:41  Overlord  
  21  1:48  Drone  
  22  2:08  Queen  
  22  2:09  Metabolic Boost  
  24  2:17  Drone  
  25  2:23  Spine Crawler  
  25  2:26  Drone x2  
  25  2:27  Drone  
  27  2:31  Drone  
  27  2:35  Drone  
  29  2:43  Zergling x6  
  32  2:45  Zergling x2  
  33  2:53  Roach Warren  
  33  2:54  Zergling x2  
  33  2:58  Zergling x2  
  33  2:59  Zergling x2  
  33  3:05  Zergling x2  
  36  3:10  Overlord  
  36  3:15  Overlord  
  36  3:22  Overlord  
  33  3:38  Roach x4  
  33  3:39  Roach x2  
  37  3:49  Roach x2  
  37  3:52  Zergling x2  
  38  4:04  Roach  
  38  4:08  Zergling x2  
  38  4:12  Drone  
  38  4:14  Drone x3  
  31  4:20  Drone  
  32  4:26  Roach  
  34  4:33  Roach  
  34  4:37  Roach  
  38  4:43  Roach  
  35  4:48  Roach  
  25  4:56  Roach  
  23  5:02  Zergling x2  
Show
View Real Time Build Order
Export as new Build Order

MiNiMaTh Zerg - Winner!

Build Orders: Hatch First, Zergling Baneling 

Get SALT Encoding   

  12  0:00  Drone  
  13  0:12  Overlord  
  13  0:18  Drone  
  14  0:30  Drone x2  
  14  0:35  Drone  
  17  0:52  Hatchery  
  17  0:54  Drone  
  17  0:57  Drone  
  18  1:08  Extractor  
  17  1:12  Spawning Pool  
  17  1:15  Drone  
  17  1:18  Drone  
  18  1:28  Drone  
  19  1:38  Overlord  
  19  1:50  Drone  
  20  1:58  Queen  
  20  2:01  Zergling x2  
  23  2:03  Queen  
  23  2:04  Zergling x2  
  26  2:09  Metabolic Boost  
  26  2:11  Drone  
  27  2:17  Zergling x2  
  28  2:24  Zergling x2  
  29  2:32  Baneling Nest, Zergling x4  
  30  2:39  Zergling x2  
  30  2:43  Overlord  
  31  2:54  Zergling x4  
  33  3:00  Zergling x2  
  34  3:08  Zergling x8  
  34  3:10  Overlord  
  34  3:11  Zergling x2  
  34  3:12  Zergling x4  
  41  3:26  Baneling x5  
  41  3:33  Zergling x8  
  41  3:55  Zergling x12  
  44  3:56  Zergling x4  
  44  4:02  Zergling x2  
  45  4:06  Zergling x2  
  42  4:13  Zergling x2  
  42  4:16  Zergling x2  
  41  4:22  Baneling x4  
  41  4:25  Zergling x2  
  41  4:28  Zergling x4  
  41  4:29  Zergling x4  
  46  4:44  Zergling x10  
  44  4:56  Zergling x4  
  44  4:57  Zergling x4  

Tags
 
Add a new tag
Caveats
  • Supply blocks, unpowered buildings, or Contaminate may cause inaccurate times.
  • Supply counts are checked every 10 seconds.